Kings vs Stars
(R1)
Created - December 18, 2018 at 19:42
Goals
|
Kings |
1 |
2 |
4 |
7 |
Stars |
1 |
1 |
2 |
4 |
|
Shots
|
Kings |
6 |
12 |
19 |
37 |
Stars |
9 |
13 |
7 |
29 |
|
1st period
1. Kings , Max Pacioretty 11 (Viktor Arvidsson 3, Victor Hedman 11) at 9:07 (PP)
2. Stars , Alex Chiasson 8 (Cory Emmerton 4, Boris Valabik 6) at 17:59
Penalties :
Ian White (Dal) for Cross-checking (Minor) at 8:30, Max Pacioretty (LAK) for Tripping (Minor) at 10:49, Michael Grabner (Dal) for Holding Stick (Minor) at 14:47, Jon Merrill (LAK) for Holding (Minor) at 18:14
2nd period
3. Stars , Michael Grabner 9 (John Tavares 22, Ian White 9) at 6:26 (PP)
4. Kings , Viktor Arvidsson 3 (Tyler Johnson 20) at 8:49
5. Kings , Viktor Arvidsson 4 (Tyler Johnson 21, Max Pacioretty 7) at 10:17 (PP)
Penalties :
Nino Niederreiter (LAK) for Roughing (Minor) at 6:18, Michael Grabner (Dal) for Tripping (Minor) at 8:58, Derek Boogaard (LAK) for Roughing (Minor) at 16:31
3rd period
6. Stars , John Tavares 19 (Michael Grabner 9) at 1:44
7. Kings , Jordan Eberle 10 (Anze Kopitar 21) at 3:58 (PP)
8. Kings , Tyler Johnson 10 (Viktor Arvidsson 4) at 4:08
9. Stars , John Tavares 20 (B.J. Crombeen 5, Brian Lee 12) at 8:30
10. Kings , Jordan Eberle 11 (Drew Doughty 26, Victor Hedman 12) at 11:23 (PP)
11. Kings , Max Pacioretty 12 (Viktor Arvidsson 5, Tyler Johnson 22) at 17:14
Penalties :
Guillaume Latendresse (Dal) for High sticking (Minor) at 3:42, Guillaume Latendresse (Dal) for High sticking (Minor) at 4:56, Boris Valabik (Dal) for Hooking (Minor) at 9:31, Anze Kopitar (LAK) for Holding (Minor) at 18:11
Goalie Stats
Brian Elliott (LAK), 25 saves from 29 shots - (0.862), W, 10-9-3, 60:00 minutes
Mike Brodeur (Dal), 30 saves from 37 shots - (0.811), L, 6-7-0, 60:00 minutes
Players Stats for Kings
Player Name G A P +/- PIM S H SB GA TA FO MP PP MP PK MP
------------------------------------------------------------------------------------
Anze Kopitar 0 1 1 0 2 3 0 0 1 0 9/25 21:29 4:37 1:54
Derek Boogaard 0 0 0 0 2 2 1 0 0 1 0/2 14:48 0:12 0:00
Drew Doughty 0 1 1 -1 0 2 1 0 1 1 0/0 24:54 5:09 2:57
Johnny Gaudreau 0 0 0 -1 0 3 1 1 1 0 0/1 14:56 4:52 0:46
Jon Merrill 0 0 0 -1 2 2 0 0 0 1 0/0 19:46 0:34 3:40
Jordan Eberle 2 0 2 -1 0 7 0 0 0 0 0/1 21:03 4:37 2:17
Max Pacioretty 2 1 3 2 2 5 1 1 0 0 0/0 17:17 3:10 0:00
Nino Niederreiter 0 0 0 0 2 0 1 0 0 0 0/0 14:02 2:19 1:42
Paul Martin 0 0 0 0 0 0 1 0 1 2 0/0 13:49 0:00 1:16
Pierre-Marc Bouchard 0 0 0 0 0 1 1 1 0 1 1/2 11:54 0:21 0:21
Ramzi Abid 0 0 0 -1 0 2 2 0 0 0 0/0 11:14 0:00 4:18
Ryan Callahan 0 0 0 -1 0 0 0 0 0 0 0/0 3:10 0:00 0:00
Shea Weber 0 0 0 1 0 2 1 0 1 2 0/0 22:47 2:19 4:56
Staffan Kronwall 0 0 0 0 0 0 2 1 0 0 0/0 16:18 0:00 2:57
Tyler Johnson 1 3 4 1 0 2 1 0 0 1 14/34 22:23 3:10 4:28
Valtteri Filppula 0 0 0 -1 0 0 0 0 0 0 0/0 3:59 0:00 0:00
Victor Hedman 0 2 2 1 0 1 1 0 1 1 0/0 20:36 5:43 0:00
Viktor Arvidsson 2 3 5 2 0 5 0 1 1 0 0/0 17:37 3:07 0:00
Players Stats for Stars
Player Name G A P +/- PIM S H SB GA TA FO MP PP MP PK MP
------------------------------------------------------------------------------------
Alex Chiasson 1 0 1 1 0 1 3 0 0 0 0/0 9:23 0:09 0:00
Antoine Vermette 0 0 0 -1 0 2 0 0 1 2 7/11 16:07 3:22 0:56
B.J. Crombeen 0 1 1 -1 0 3 3 0 0 0 0/0 15:11 3:22 0:00
Boris Valabik 0 1 1 1 2 1 1 1 0 1 0/0 8:58 0:00 0:00
Brian Lee 0 1 1 0 0 1 1 1 0 1 0/0 20:47 2:44 3:37
Cory Emmerton 0 1 1 1 0 1 1 1 2 0 2/5 11:27 0:00 2:17
Drew Fata 0 0 0 -1 0 2 1 2 1 0 0/0 30:14 5:09 4:25
Dustin Penner 0 0 0 0 0 1 2 0 0 0 0/0 8:56 0:00 1:19
Evgeny Artyukhin 0 0 0 0 0 2 2 0 0 0 0/0 7:42 0:06 0:00
Evgeny Grachev 0 0 0 0 0 1 2 0 0 0 2/3 7:36 0:00 0:00
Guillaume Latendresse 0 0 0 0 4 0 3 0 1 1 0/1 23:12 4:22 3:27
Ian White 0 1 1 -1 2 1 1 2 0 1 0/0 29:36 5:09 3:48
John Tavares 2 1 3 0 0 6 1 1 2 1 27/41 24:21 4:25 4:33
Johnny Oduya 0 0 0 0 0 0 2 1 0 0 0/0 20:47 2:44 3:37
Jussi Jokinen 0 0 0 -1 0 3 2 1 3 0 1/2 18:03 3:22 2:50
Michael Grabner 1 1 2 0 4 4 2 1 0 0 2/2 20:27 4:22 0:42
Niklas Hjalmarsson 0 0 0 1 0 0 0 0 0 0 0/0 9:36 0:00 0:37
Patrick Sharp 0 0 0 1 0 0 1 0 0 0 0/0 9:29 0:09 0:00
3 Stars
1 - Viktor Arvidsson (LAK)
2 - Tyler Johnson (LAK)
3 - Max Pacioretty (LAK)
Power Play
Kings - 4 on 6 Attempt(s) - 66.67%
Stars - 1 on 5 Attempt(s) - 20.00%
Penalty Kill
Kings - 4 on 5 Attempt(s) - 80.00%
- Score 0 goal in Penalty Kill
Stars - 2 on 6 Attempt(s) - 33.33%
- Score 0 goal in Penalty Kill
Team Stat
Kings - Hits : 14 - Faceoff Wins : 24 - Blocked Shots : 5 - Penalty Minutes : 10
Stars - Hits : 28 - Faceoff Wins : 41 - Blocked Shots : 11 - Penalty Minutes : 12
Official
Referees : Unknown
Linesman : Unknown
Game Notes
Ryan Callahan is injured at 12:30 of 2nd period (Bruised Left Leg)
Valtteri Filppula is injured at 1:34 of 3rd period (Sore Left Knee)
Finance
Level 1 -- Attendance: 6000 (100.00%) -- Ticket Income $390,000
Level 2 -- Attendance: 4715 (94.30%) -- Ticket Income $235,750
Level 3 -- Attendance: 1518 (75.90%) -- Ticket Income $60,720
Level 4 -- Attendance: 2991 (74.78%) -- Ticket Income $89,730
Luxury Box -- Attendance: 1000 (100.00%) -- Ticket Income $100,000
Game was played at the American Airlines Center.
Total Attendance: 16224 (90.13%)
Total Ticket Income: $876,200
Other Income: $131,430
Total Income: $1,007,630
Kings
5 vs 5 Forward
Center Left Wing Right Wing Time % Phy DF OF
1 Anze Kopitar Derek Boogaard Jordan Eberle 35 0 2 3
2 Tyler Johnson Max Pacioretty Viktor Arvidsson 35 0 2 3
3 Pierre-Marc Bouchard Johnny Gaudreau Nino Niederreiter 25 1 2 2
4 Valtteri Filppula Ramzi Abid Ryan Callahan 5 1 3 1
5 vs 5 Defense
Defense Defense Time % Phy DF OF
1 Drew Doughty Jon Merrill 40 1 3 1
2 Shea Weber Victor Hedman 40 1 3 1
3 Paul Martin Staffan Kronwall 20 0 4 1
4 Drew Doughty Shea Weber 0 1 2 2
PowerPlay Forward
Center Left Wing Right Wing Time % Phy DF OF
1 Anze Kopitar Johnny Gaudreau Jordan Eberle 60 0 1 4
2 Tyler Johnson Max Pacioretty Viktor Arvidsson 40 0 1 4
PowerPlay Defense
Defense Defense Time % Phy DF OF
1 Drew Doughty Victor Hedman 60 0 2 3
2 Shea Weber Nino Niederreiter 40 0 2 3
Penalty Kill 4 Players Forward
Center Wing Time % Phy DF OF
1 Tyler Johnson Ramzi Abid 60 1 3 1
2 Anze Kopitar Jordan Eberle 40 1 3 1
Penalty Kill 4 Players Defense
Defense Defense Time % Phy DF OF
1 Jon Merrill Shea Weber 60 1 4 0
2 Staffan Kronwall Drew Doughty 40 1 4 0
Penalty Kill - 3 Players Forward
Forward Time % Phy DF OF
1 Anze Kopitar 60 1 4 0
2 Tyler Johnson 40 1 4 0
Penalty Kill - 3 Players Defense
Defense Defense Time % Phy DF OF
1 Drew Doughty Jon Merrill 60 0 5 0
2 Shea Weber Staffan Kronwall 40 0 4 0
4 vs 4 Forward
Center Wing Time % Phy DF OF
1 Anze Kopitar Jordan Eberle 60 1 2 2
2 Tyler Johnson Nino Niederreiter 40 1 2 2
4 vs 4 Defense
Defense Defense Time % Phy DF OF
1 Drew Doughty Victor Hedman 60 1 2 2
2 Shea Weber Staffan Kronwall 40 1 2 2
Last Minutes Offensive
Center Left Wing Right Wing Defense Defense
Anze Kopitar Johnny Gaudreau Jordan Eberle Drew Doughty Victor Hedman
Last Minutes Defensive
Center Left Wing Right Wing Defense Defense
Anze Kopitar Ramzi Abid Jordan Eberle Shea Weber Drew Doughty
Goaltenders
Starting : Brian Elliott
Backup : Pascal Leclaire
Extra Forwards
Normal : Anze Kopitar, Tyler Johnson, Pierre-Marc Bouchard - PP : Pierre-Marc Bouchard, Ryan Callahan - PK : Nino Niederreiter
Extra Defensemen
Normal : Drew Doughty, Shea Weber, Staffan Kronwall - PP : Staffan Kronwall - PK : Paul Martin, Victor Hedman
Penalty Shots
Anze Kopitar, Jordan Eberle, Viktor Arvidsson, Max Pacioretty, Shea Weber
Scratches
Steve Quailer (Healthy)
Stars
5 vs 5 Forward
Center Left Wing Right Wing Time % Phy DF OF
1 John Tavares Guillaume Latendresse Michael Grabner 40 1 2 2
2 Antoine Vermette Jussi Jokinen B.J. Crombeen 30 1 2 2
3 Cory Emmerton Patrick Sharp Alex Chiasson 20 1 2 2
4 Evgeny Grachev Dustin Penner Evgeny Artyukhin 10 1 2 2
5 vs 5 Defense
Defense Defense Time % Phy DF OF
1 Drew Fata Ian White 40 1 2 2
2 Brian Lee Johnny Oduya 30 1 2 2
3 Boris Valabik Niklas Hjalmarsson 20 1 2 2
4 Drew Fata Ian White 10 1 2 2
PowerPlay Forward
Center Left Wing Right Wing Time % Phy DF OF
1 John Tavares Guillaume Latendresse Michael Grabner 60 0 2 3
2 Antoine Vermette Jussi Jokinen B.J. Crombeen 40 0 2 3
PowerPlay Defense
Defense Defense Time % Phy DF OF
1 Drew Fata Ian White 60 0 2 3
2 Brian Lee Johnny Oduya 40 0 2 3
Penalty Kill 4 Players Forward
Center Wing Time % Phy DF OF
1 John Tavares Guillaume Latendresse 60 0 3 2
2 Jussi Jokinen Michael Grabner 40 0 3 2
Penalty Kill 4 Players Defense
Defense Defense Time % Phy DF OF
1 Drew Fata Ian White 60 0 3 2
2 Brian Lee Johnny Oduya 40 0 3 2
Penalty Kill - 3 Players Forward
Forward Time % Phy DF OF
1 John Tavares 60 0 3 2
2 Guillaume Latendresse 40 0 3 2
Penalty Kill - 3 Players Defense
Defense Defense Time % Phy DF OF
1 Drew Fata Ian White 60 0 3 2
2 Brian Lee Johnny Oduya 40 0 3 2
4 vs 4 Forward
Center Wing Time % Phy DF OF
1 John Tavares Guillaume Latendresse 60 1 2 2
2 Jussi Jokinen Michael Grabner 40 1 2 2
4 vs 4 Defense
Defense Defense Time % Phy DF OF
1 Drew Fata Ian White 60 1 2 2
2 Brian Lee Johnny Oduya 40 1 2 2
Last Minutes Offensive
Center Left Wing Right Wing Defense Defense
John Tavares Guillaume Latendresse Michael Grabner Drew Fata Ian White
Last Minutes Defensive
Center Left Wing Right Wing Defense Defense
John Tavares Guillaume Latendresse Michael Grabner Drew Fata Ian White
Goaltenders
Starting : Mike Brodeur
Backup : Jhonas Enroth
Extra Forwards
Normal : Patrick Sharp, Alex Chiasson, Cory Emmerton - PP : Patrick Sharp, Alex Chiasson - PK : Cory Emmerton
Extra Defensemen
Normal : Boris Valabik, Niklas Hjalmarsson, Brian Lee - PP : Boris Valabik - PK : Niklas Hjalmarsson, Brian Lee
Penalty Shots
John Tavares, Guillaume Latendresse, Jussi Jokinen, Michael Grabner, Patrick Sharp
Scratches
None
% Time on Ice - Kings
Lines # - Real PCT - Wanted PCT - Time Play
Normal Forward
1 - 29% - 35% - 12:59
2 - 32% - 35% - 14:00
3 - 18% - 25% - 8:05
4 - 20% - 5% - 9:01
Normal Defense
1 - 37% - 40% - 16:06
2 - 37% - 40% - 16:14
3 - 27% - 20% - 11:45
4 - 0% - 0% - 0:00
PP Forward
1 - 61% - 60% - 4:52
2 - 39% - 40% - 3:10
PP Defense
1 - 71% - 60% - 5:43
2 - 29% - 40% - 2:19
PK Forward
1 - 71% - 60% - 5:36
2 - 29% - 40% - 2:17
PK Defense
1 - 63% - 60% - 4:56
2 - 37% - 40% - 2:57
PK3 Forward
1 - 0% - 60%
2 - 0% - 40%
PK3 Defense
1 - 0% - 60%
2 - 0% - 40%
44 Forward
1 - 0% - 60%
2 - 0% - 40%
44 Defense
1 - 0% - 60%
2 - 0% - 40%
Last Minute Offensive - 0:00
Last Minute Defensive - 0:00
Total
Forward - 60:00
Defense - 60:00
|
% Time on Ice - Stars
Lines # - Real PCT - Wanted PCT - Time Play
Normal Forward
1 - 35% - 40% - 15:30
2 - 27% - 30% - 11:50
3 - 21% - 20% - 9:09
4 - 17% - 10% - 7:36
Normal Defense
1 - 43% - 40% - 18:45
2 - 33% - 30% - 14:26
3 - 20% - 20% - 8:59
4 - 4% - 10% - 1:55
PP Forward
1 - 57% - 60% - 4:31
2 - 43% - 40% - 3:22
PP Defense
1 - 65% - 60% - 5:09
2 - 35% - 40% - 2:44
PK Forward
1 - 73% - 60% - 5:51
2 - 27% - 40% - 2:11
PK Defense
1 - 55% - 60% - 4:25
2 - 45% - 40% - 3:37
PK3 Forward
1 - 0% - 60%
2 - 0% - 40%
PK3 Defense
1 - 0% - 60%
2 - 0% - 40%
44 Forward
1 - 0% - 60%
2 - 0% - 40%
44 Defense
1 - 0% - 60%
2 - 0% - 40%
Last Minute Offensive - 0:00
Last Minute Defensive - 0:00
Total
Forward - 60:00
Defense - 60:00
|
Play by Play
1st period
0:01 of 1st period - Michael Grabner wins face-off versus Anze Kopitar in neutral zone.
0:04 of 1st period - Snap shot by John Tavares.
0:04 of 1st period - Stopped by Brian Elliott without a rebound.
0:05 of 1st period - Anze Kopitar wins face-off versus John Tavares in Kings zone.
1:03 of 1st period - Snap shot by Patrick Sharp.
1:03 of 1st period - Shot Misses the Net.
1:05 of 1st period - Slapshot by Ian White.
1:05 of 1st period - Shot Misses the Net.
1:07 of 1st period - Slapshot by Drew Fata.
1:07 of 1st period - Stopped by Brian Elliott with a rebound.
1:39 of 1st period - Shea Weber is hit by Guillaume Latendresse and loses puck.
3:09 of 1st period - Shea Weber is hit by Michael Grabner and loses puck.
3:14 of 1st period - Wrist shot by John Tavares.
3:14 of 1st period - Stopped by Brian Elliott without a rebound.
3:15 of 1st period - Tyler Johnson wins face-off versus Antoine Vermette in Kings zone.
3:15 of 1st period - Tyler Johnson is hit by B.J. Crombeen.
3:31 of 1st period - Wrist shot by Tyler Johnson.
3:31 of 1st period - Shot Misses the Net.
4:13 of 1st period - Wrist shot by Evgeny Grachev.
4:13 of 1st period - Stopped by Brian Elliott without a rebound.
4:14 of 1st period - Antoine Vermette wins face-off versus Derek Boogaard in Kings zone.
4:22 of 1st period - Off-side.
4:23 of 1st period - Antoine Vermette wins face-off versus Anze Kopitar in neutral zone.
4:32 of 1st period - Snap shot by Antoine Vermette.
4:32 of 1st period - Shot Misses the Net.
4:46 of 1st period - Snap shot by Antoine Vermette.
4:46 of 1st period - Shot Hit the Post.
5:10 of 1st period - Snap shot by Jussi Jokinen.
5:10 of 1st period - Stopped by Brian Elliott with a rebound.
5:34 of 1st period - Snap shot by Antoine Vermette.
5:34 of 1st period - Stopped by Brian Elliott without a rebound.
5:35 of 1st period - John Tavares wins face-off versus Tyler Johnson in Kings zone.
7:13 of 1st period - Slapshot by Johnny Gaudreau.
7:13 of 1st period - Stopped by Mike Brodeur with a rebound.
7:19 of 1st period - Wrist shot by Alex Chiasson.
7:19 of 1st period - Shot Blocked by Staffan Kronwall.
8:27 of 1st period - Wrist shot by Ramzi Abid.
8:27 of 1st period - Stopped by Mike Brodeur without a rebound.
8:28 of 1st period - Cory Emmerton wins face-off versus Tyler Johnson in Stars zone.
8:30 of 1st period - Minor Penalty to Ian White for Cross-checking.
8:31 of 1st period - John Tavares wins face-off versus Anze Kopitar in Stars zone.
9:05 of 1st period - Snap shot by Viktor Arvidsson.
9:05 of 1st period - Deflect By Max Pacioretty.
9:05 of 1st period - Stopped by Mike Brodeur with a rebound.
9:07 of 1st period - Wrist shot by Max Pacioretty.
9:07 of 1st period - Goal by Max Pacioretty - Kings : 1 - Stars : 0.
9:08 of 1st period - John Tavares wins face-off versus Tyler Johnson in neutral zone.
9:11 of 1st period - Shea Weber is hit by Guillaume Latendresse and loses puck.
9:34 of 1st period - Anze Kopitar is hit by Cory Emmerton.
10:40 of 1st period - Snap shot by Viktor Arvidsson.
10:40 of 1st period - Deflect By John Tavares.
10:40 of 1st period - Shot Blocked by Johnny Oduya.
10:40 of 1st period - Puck is out of play.
10:41 of 1st period - John Tavares wins face-off versus Tyler Johnson in Stars zone.
10:45 of 1st period - Off-side.
10:46 of 1st period - Tyler Johnson wins face-off versus John Tavares in neutral zone.
10:46 of 1st period - Tyler Johnson is hit by John Tavares.
10:49 of 1st period - Minor Penalty to Max Pacioretty for Tripping.
10:50 of 1st period - Tyler Johnson wins face-off versus John Tavares in Kings zone.
11:20 of 1st period - Jon Merrill is hit by Drew Fata and loses puck.
11:45 of 1st period - Guillaume Latendresse is hit by Nino Niederreiter and loses puck.
12:30 of 1st period - John Tavares is hit by Staffan Kronwall and loses puck.
12:49 of 1st period - Penalty to Max Pacioretty is over, Max Pacioretty is back on ice.
12:49 of 1st period - Drew Doughty is hit by Patrick Sharp and loses puck.
13:00 of 1st period - Niklas Hjalmarsson is hit by Staffan Kronwall and loses puck.
13:19 of 1st period - Staffan Kronwall is hit by Alex Chiasson and loses puck.
13:33 of 1st period - Icing by Drew Doughty.
13:34 of 1st period - Evgeny Grachev wins face-off versus Anze Kopitar in Kings zone.
13:45 of 1st period - Anze Kopitar is hit by Evgeny Artyukhin and loses puck.
14:20 of 1st period - Wrist shot by Viktor Arvidsson.
14:20 of 1st period - Shot Misses the Net.
14:22 of 1st period - Slapshot by Drew Doughty.
14:22 of 1st period - Stopped by Mike Brodeur with a rebound.
14:24 of 1st period - Snap shot by Max Pacioretty.
14:24 of 1st period - Stopped by Mike Brodeur without a rebound.
14:25 of 1st period - Tyler Johnson wins face-off versus John Tavares in Stars zone.
14:47 of 1st period - Minor Penalty to Michael Grabner for Holding Stick.
14:48 of 1st period - John Tavares wins face-off versus Anze Kopitar in Stars zone.
16:47 of 1st period - Penalty to Michael Grabner is over, Michael Grabner is back on ice.
16:55 of 1st period - Niklas Hjalmarsson is hit by Ramzi Abid and loses puck.
17:12 of 1st period - Paul Martin is hit by Dustin Penner and loses puck.
17:41 of 1st period - Tyler Johnson is hit by Brian Lee and loses puck.
17:59 of 1st period - Wrist shot by Cory Emmerton.
17:59 of 1st period - Deflect By Alex Chiasson.
17:59 of 1st period - Goal by Alex Chiasson - Kings : 1 - Stars : 1.
18:00 of 1st period - John Tavares wins face-off versus Tyler Johnson in neutral zone.
18:09 of 1st period - Snap shot by John Tavares.
18:09 of 1st period - Stopped by Brian Elliott without a rebound.
18:10 of 1st period - John Tavares wins face-off versus Tyler Johnson in Kings zone.
18:14 of 1st period - Minor Penalty to Jon Merrill for Holding.
18:15 of 1st period - John Tavares wins face-off versus Tyler Johnson in Kings zone.
18:58 of 1st period - Drew Doughty is hit by Jussi Jokinen and loses puck.
19:19 of 1st period - Snap shot by Jussi Jokinen.
19:19 of 1st period - Stopped by Brian Elliott without a rebound.
19:20 of 1st period - Tyler Johnson wins face-off versus John Tavares in Kings zone.
19:31 of 1st period - Michael Grabner is hit by Ramzi Abid and loses puck.
19:51 of 1st period - Icing by Brian Lee.
19:52 of 1st period - John Tavares wins face-off versus Jordan Eberle in Stars zone.
Goals for this period are 1 for Kings vs 1 for Stars.
Shots for this period are 6 for Kings vs 9 for Stars.
2nd period
0:01 of 2nd period - John Tavares wins face-off versus Tyler Johnson in neutral zone.
0:14 of 2nd period - Penalty to Jon Merrill is over, Jon Merrill is back on ice.
0:50 of 2nd period - Wrist shot by Johnny Gaudreau.
0:50 of 2nd period - Shot Blocked by Cory Emmerton.
1:13 of 2nd period - Snap shot by Tyler Johnson.
1:13 of 2nd period - Stopped by Mike Brodeur without a rebound.
1:14 of 2nd period - Anze Kopitar wins face-off versus Evgeny Grachev in Stars zone.
1:25 of 2nd period - Wrist shot by Anze Kopitar.
1:25 of 2nd period - Stopped by Mike Brodeur without a rebound.
1:26 of 2nd period - Tyler Johnson wins face-off versus John Tavares in Stars zone.
1:29 of 2nd period - Snap shot by Tyler Johnson.
1:29 of 2nd period - Shot Misses the Net.
1:59 of 2nd period - Slapshot by Drew Doughty.
1:59 of 2nd period - Shot Misses the Net.
2:01 of 2nd period - Slapshot by Drew Doughty.
2:01 of 2nd period - Shot Blocked by Jussi Jokinen.
2:13 of 2nd period - Slapshot by Cory Emmerton.
2:13 of 2nd period - Shot Blocked by Johnny Gaudreau.
3:01 of 2nd period - Wrist shot by Anze Kopitar.
3:01 of 2nd period - Shot Misses the Net.
3:03 of 2nd period - Snap shot by Shea Weber.
3:03 of 2nd period - Stopped by Mike Brodeur with a rebound.
3:18 of 2nd period - Snap shot by Drew Doughty.
3:18 of 2nd period - Shot Misses the Net.
4:01 of 2nd period - Max Pacioretty is hit by Alex Chiasson and loses puck.
4:52 of 2nd period - Snap shot by John Tavares.
4:52 of 2nd period - Deflect By Michael Grabner.
4:52 of 2nd period - Stopped by Brian Elliott with a rebound.
5:50 of 2nd period - Slapshot by B.J. Crombeen.
5:50 of 2nd period - Stopped by Brian Elliott with a rebound.
6:18 of 2nd period - Minor Penalty to Nino Niederreiter for Roughing.
6:19 of 2nd period - Tyler Johnson wins face-off versus John Tavares in Kings zone.
6:26 of 2nd period - Slapshot by Michael Grabner.
6:26 of 2nd period - Goal by Michael Grabner - Kings : 1 - Stars : 2.
6:27 of 2nd period - John Tavares wins face-off versus Tyler Johnson in neutral zone.
6:30 of 2nd period - Max Pacioretty is hit by Guillaume Latendresse and loses puck.
6:53 of 2nd period - Michael Grabner is hit by Pierre-Marc Bouchard and loses puck.
7:00 of 2nd period - Snap shot by Johnny Gaudreau.
7:00 of 2nd period - Stopped by Mike Brodeur with a rebound.
7:02 of 2nd period - Wrist shot by Nino Niederreiter.
7:02 of 2nd period - Shot Misses the Net.
7:30 of 2nd period - Icing by Jon Merrill.
7:31 of 2nd period - Antoine Vermette wins face-off versus Anze Kopitar in Kings zone.
7:47 of 2nd period - Snap shot by Jordan Eberle.
7:47 of 2nd period - Shot Blocked by Brian Lee.
7:49 of 2nd period - Wrist shot by Jordan Eberle.
7:49 of 2nd period - Stopped by Mike Brodeur without a rebound.
7:50 of 2nd period - Tyler Johnson wins face-off versus Cory Emmerton in Stars zone.
7:59 of 2nd period - Snap shot by Viktor Arvidsson.
7:59 of 2nd period - Deflect By Max Pacioretty.
7:59 of 2nd period - Shot Misses the Net.
7:59 of 2nd period - Puck is out of play.
8:00 of 2nd period - Tyler Johnson wins face-off versus Cory Emmerton in Stars zone.
8:05 of 2nd period - Snap shot by Tyler Johnson.
8:05 of 2nd period - Shot Misses the Net.
8:13 of 2nd period - Backhand shot by Cory Emmerton.
8:13 of 2nd period - Stopped by Brian Elliott without a rebound.
8:14 of 2nd period - Anze Kopitar wins face-off versus Guillaume Latendresse in Kings zone.
8:14 of 2nd period - Anze Kopitar is hit by Ian White.
8:24 of 2nd period - Snap shot by Jordan Eberle.
8:24 of 2nd period - Stopped by Mike Brodeur with a rebound.
8:28 of 2nd period - Snap shot by Anze Kopitar.
8:28 of 2nd period - Shot Blocked by Drew Fata.
8:30 of 2nd period - Wrist shot by Anze Kopitar.
8:30 of 2nd period - Stopped by Mike Brodeur with a rebound.
8:49 of 2nd period - Slapshot by Viktor Arvidsson.
8:49 of 2nd period - Goal by Viktor Arvidsson - Kings : 2 - Stars : 2.
8:50 of 2nd period - Tyler Johnson wins face-off versus John Tavares in neutral zone.
8:58 of 2nd period - Minor Penalty to Michael Grabner for Tripping.
8:59 of 2nd period - Anze Kopitar wins face-off versus John Tavares in Stars zone.
9:01 of 2nd period - Slapshot by Jordan Eberle.
9:01 of 2nd period - Deflect By Ian White.
9:01 of 2nd period - Stopped by Mike Brodeur without a rebound.
9:02 of 2nd period - John Tavares wins face-off versus Anze Kopitar in Stars zone.
9:02 of 2nd period - John Tavares is hit by Victor Hedman.
9:41 of 2nd period - Icing by Victor Hedman.
9:42 of 2nd period - Jussi Jokinen wins face-off versus Tyler Johnson in Kings zone.
10:05 of 2nd period - Slapshot by Drew Doughty.
10:05 of 2nd period - Shot Misses the Net.
10:17 of 2nd period - Snap shot by Viktor Arvidsson.
10:17 of 2nd period - Goal by Viktor Arvidsson - Kings : 3 - Stars : 2.
10:18 of 2nd period - Anze Kopitar wins face-off versus John Tavares in neutral zone.
10:20 of 2nd period - Off-side.
10:21 of 2nd period - John Tavares wins face-off versus Derek Boogaard in neutral zone.
10:26 of 2nd period - Snap shot by Michael Grabner.
10:26 of 2nd period - Stopped by Brian Elliott with a rebound.
10:52 of 2nd period - Slapshot by Drew Fata.
10:52 of 2nd period - Stopped by Brian Elliott without a rebound.
10:53 of 2nd period - Antoine Vermette wins face-off versus Tyler Johnson in Kings zone.
10:54 of 2nd period - Slapshot by B.J. Crombeen.
10:54 of 2nd period - Stopped by Brian Elliott with a rebound.
11:32 of 2nd period - Wrist shot by Cory Emmerton.
11:32 of 2nd period - Shot Misses the Net.
11:42 of 2nd period - John Tavares is hit by Derek Boogaard and loses puck.
12:29 of 2nd period - Ryan Callahan is hit by Evgeny Artyukhin and loses puck.
12:30 of 2nd period - Ryan Callahan from Kings is injured at 12:30 of 2nd period (Bruised Left Leg).
12:31 of 2nd period - John Tavares wins face-off versus Anze Kopitar in Kings zone.
12:36 of 2nd period - Snap shot by Guillaume Latendresse.
12:36 of 2nd period - Shot Misses the Net.
13:11 of 2nd period - Jussi Jokinen is hit by Tyler Johnson and loses puck.
13:43 of 2nd period - Snap shot by Derek Boogaard.
13:43 of 2nd period - Stopped by Mike Brodeur with a rebound.
13:52 of 2nd period - Slapshot by John Tavares.
13:52 of 2nd period - Stopped by Brian Elliott without a rebound.
13:53 of 2nd period - Antoine Vermette wins face-off versus Tyler Johnson in Kings zone.
14:20 of 2nd period - Ian White is hit by Drew Doughty and loses puck.
14:25 of 2nd period - Wrist shot by Anze Kopitar.
14:25 of 2nd period - Shot Blocked by Drew Fata.
14:27 of 2nd period - Slapshot by Derek Boogaard.
14:27 of 2nd period - Stopped by Mike Brodeur with a rebound.
14:29 of 2nd period - Slapshot by Drew Doughty.
14:29 of 2nd period - Shot Blocked by Ian White.
14:31 of 2nd period - Snap shot by Anze Kopitar.
14:31 of 2nd period - Shot Misses the Net.
14:51 of 2nd period - Snap shot by Cory Emmerton.
14:51 of 2nd period - Shot Misses the Net.
15:23 of 2nd period - Max Pacioretty is hit by Dustin Penner and loses puck.
15:42 of 2nd period - Brian Lee is hit by Max Pacioretty and loses puck.
15:49 of 2nd period - Viktor Arvidsson is hit by Evgeny Grachev and loses puck.
16:18 of 2nd period - Wrist shot by Evgeny Artyukhin.
16:18 of 2nd period - Stopped by Brian Elliott without a rebound.
16:19 of 2nd period - John Tavares wins face-off versus Anze Kopitar in Kings zone.
16:26 of 2nd period - Snap shot by Michael Grabner.
16:26 of 2nd period - Stopped by Brian Elliott without a rebound.
16:27 of 2nd period - John Tavares wins face-off versus Anze Kopitar in Kings zone.
16:31 of 2nd period - Minor Penalty to Derek Boogaard for Roughing.
16:32 of 2nd period - Michael Grabner wins face-off versus Tyler Johnson in Kings zone.
16:58 of 2nd period - Jon Merrill is hit by B.J. Crombeen and loses puck.
17:21 of 2nd period - Jordan Eberle is hit by Michael Grabner and loses puck.
18:31 of 2nd period - Penalty to Derek Boogaard is over, Derek Boogaard is back on ice.
18:34 of 2nd period - Slapshot by Patrick Sharp.
18:34 of 2nd period - Shot Misses the Net.
18:36 of 2nd period - Snap shot by Boris Valabik.
18:36 of 2nd period - Stopped by Brian Elliott without a rebound.
18:37 of 2nd period - Anze Kopitar wins face-off versus Cory Emmerton in Kings zone.
18:37 of 2nd period - Anze Kopitar is hit by Boris Valabik.
18:54 of 2nd period - Boris Valabik is hit by Paul Martin and loses puck.
19:11 of 2nd period - Slapshot by Brian Lee.
19:11 of 2nd period - Stopped by Brian Elliott with a rebound.
19:15 of 2nd period - Wrist shot by Dustin Penner.
19:15 of 2nd period - Stopped by Brian Elliott without a rebound.
19:16 of 2nd period - Pierre-Marc Bouchard wins face-off versus John Tavares in Kings zone.
Goals for this period are 2 for Kings vs 1 for Stars.
Shots for this period are 12 for Kings vs 13 for Stars.
3rd period
0:01 of 3rd period - Anze Kopitar wins face-off versus John Tavares in neutral zone.
0:06 of 3rd period - Wrist shot by Jordan Eberle.
0:06 of 3rd period - Shot Misses the Net.
0:08 of 3rd period - Wrist shot by Anze Kopitar.
0:08 of 3rd period - Shot Blocked by Michael Grabner.
0:10 of 3rd period - Wrist shot by Jon Merrill.
0:10 of 3rd period - Stopped by Mike Brodeur with a rebound.
0:14 of 3rd period - Slapshot by Jordan Eberle.
0:14 of 3rd period - Stopped by Mike Brodeur with a rebound.
0:16 of 3rd period - Snap shot by Anze Kopitar.
0:16 of 3rd period - Stopped by Mike Brodeur without a rebound.
0:17 of 3rd period - Tyler Johnson wins face-off versus Antoine Vermette in Stars zone.
0:49 of 3rd period - Wrist shot by Jordan Eberle.
0:49 of 3rd period - Stopped by Mike Brodeur with a rebound.
0:51 of 3rd period - Backhand shot by Shea Weber.
0:51 of 3rd period - Stopped by Mike Brodeur with a rebound.
1:33 of 3rd period - Valtteri Filppula is hit by Evgeny Grachev and loses puck.
1:34 of 3rd period - Valtteri Filppula from Kings is injured at 1:34 of 3rd period (Sore Left Knee).
1:35 of 3rd period - John Tavares wins face-off versus Tyler Johnson in Kings zone.
1:44 of 3rd period - Snap shot by John Tavares.
1:44 of 3rd period - Goal by John Tavares - Kings : 3 - Stars : 3.
1:45 of 3rd period - John Tavares wins face-off versus Tyler Johnson in neutral zone.
2:11 of 3rd period - Icing by Jon Merrill.
2:12 of 3rd period - Antoine Vermette wins face-off versus Pierre-Marc Bouchard in Kings zone.
2:19 of 3rd period - Slapshot by Jon Merrill.
2:19 of 3rd period - Stopped by Mike Brodeur without a rebound.
2:20 of 3rd period - John Tavares wins face-off versus Anze Kopitar in Stars zone.
2:48 of 3rd period - Victor Hedman is hit by Johnny Oduya and loses puck.
2:51 of 3rd period - Snap shot by Max Pacioretty.
2:51 of 3rd period - Stopped by Mike Brodeur without a rebound.
2:52 of 3rd period - Tyler Johnson wins face-off versus Jussi Jokinen in Stars zone.
2:55 of 3rd period - Wrist shot by Tyler Johnson.
2:55 of 3rd period - Shot Misses the Net.
2:57 of 3rd period - Snap shot by Drew Doughty.
2:57 of 3rd period - Stopped by Mike Brodeur without a rebound.
2:58 of 3rd period - Antoine Vermette wins face-off versus Tyler Johnson in Stars zone.
3:03 of 3rd period - Snap shot by B.J. Crombeen.
3:03 of 3rd period - Stopped by Brian Elliott with a rebound.
3:05 of 3rd period - Snap shot by Jussi Jokinen.
3:05 of 3rd period - Shot Blocked by Max Pacioretty.
3:07 of 3rd period - Snap shot by Drew Fata.
3:07 of 3rd period - Deflect By Jussi Jokinen.
3:07 of 3rd period - Stopped by Brian Elliott with a rebound.
3:09 of 3rd period - Slapshot by Ian White.
3:09 of 3rd period - Stopped by Brian Elliott with a rebound.
3:11 of 3rd period - Slapshot by Ian White.
3:11 of 3rd period - Shot Misses the Net.
3:13 of 3rd period - Slapshot by Ian White.
3:13 of 3rd period - Shot Misses the Net.
3:42 of 3rd period - Minor Penalty to Guillaume Latendresse for High sticking.
3:43 of 3rd period - Anze Kopitar wins face-off versus John Tavares in Stars zone.
3:58 of 3rd period - Snap shot by Jordan Eberle.
3:58 of 3rd period - Goal by Jordan Eberle - Kings : 4 - Stars : 3.
3:59 of 3rd period - Tyler Johnson wins face-off versus John Tavares in neutral zone.
4:08 of 3rd period - Snap shot by Tyler Johnson.
4:08 of 3rd period - Goal by Tyler Johnson - Kings : 5 - Stars : 3.
4:09 of 3rd period - John Tavares wins face-off versus Anze Kopitar in neutral zone.
4:12 of 3rd period - Slapshot by Ian White.
4:12 of 3rd period - Shot Misses the Net.
4:56 of 3rd period - Minor Penalty to Guillaume Latendresse for High sticking.
4:57 of 3rd period - John Tavares wins face-off versus Tyler Johnson in Stars zone.
5:11 of 3rd period - Wrist shot by Viktor Arvidsson.
5:11 of 3rd period - Stopped by Mike Brodeur with a rebound.
5:13 of 3rd period - Slapshot by Victor Hedman.
5:13 of 3rd period - Deflect By Viktor Arvidsson.
5:13 of 3rd period - Stopped by Mike Brodeur with a rebound.
6:56 of 3rd period - Penalty to Guillaume Latendresse is over, Guillaume Latendresse is back on ice.
7:23 of 3rd period - Paul Martin is hit by Alex Chiasson and loses puck.
8:30 of 3rd period - Snap shot by John Tavares.
8:30 of 3rd period - Goal by John Tavares - Kings : 5 - Stars : 4.
8:31 of 3rd period - John Tavares wins face-off versus Tyler Johnson in neutral zone.
8:56 of 3rd period - Drew Doughty is hit by Jussi Jokinen and loses puck.
9:21 of 3rd period - Snap shot by Nino Niederreiter.
9:21 of 3rd period - Shot Misses the Net.
9:23 of 3rd period - Wrist shot by Pierre-Marc Bouchard.
9:23 of 3rd period - Stopped by Mike Brodeur with a rebound.
9:25 of 3rd period - Slapshot by Drew Doughty.
9:25 of 3rd period - Shot Blocked by Boris Valabik.
9:31 of 3rd period - Minor Penalty to Boris Valabik for Hooking.
9:32 of 3rd period - John Tavares wins face-off versus Anze Kopitar in Stars zone.
9:45 of 3rd period - Snap shot by Johnny Gaudreau.
9:45 of 3rd period - Stopped by Mike Brodeur without a rebound.
9:46 of 3rd period - John Tavares wins face-off versus Anze Kopitar in Stars zone.
10:13 of 3rd period - John Tavares is hit by Johnny Gaudreau.
10:55 of 3rd period - Slapshot by Anze Kopitar.
10:55 of 3rd period - Shot Blocked by John Tavares.
10:57 of 3rd period - Snap shot by Johnny Gaudreau.
10:57 of 3rd period - Shot Misses the Net.
10:59 of 3rd period - Wrist shot by Victor Hedman.
10:59 of 3rd period - Stopped by Mike Brodeur with a rebound.
11:15 of 3rd period - Slapshot by Victor Hedman.
11:15 of 3rd period - Shot Blocked by Ian White.
11:17 of 3rd period - Slapshot by Drew Doughty.
11:17 of 3rd period - Shot Misses the Net.
11:19 of 3rd period - Slapshot by Drew Doughty.
11:19 of 3rd period - Shot Misses the Net.
11:21 of 3rd period - Slapshot by Drew Doughty.
11:21 of 3rd period - Shot Misses the Net.
11:23 of 3rd period - Wrist shot by Jordan Eberle.
11:23 of 3rd period - Goal by Jordan Eberle - Kings : 6 - Stars : 4.
11:24 of 3rd period - Tyler Johnson wins face-off versus Antoine Vermette in neutral zone.
11:31 of 3rd period - Wrist shot by Viktor Arvidsson.
11:31 of 3rd period - Shot Misses the Net.
12:37 of 3rd period - John Tavares is hit by Shea Weber and loses puck.
13:23 of 3rd period - Snap shot by Evgeny Artyukhin.
13:23 of 3rd period - Shot Blocked by Viktor Arvidsson.
14:58 of 3rd period - Shea Weber is hit by Johnny Oduya.
15:20 of 3rd period - Wrist shot by Antoine Vermette.
15:20 of 3rd period - Stopped by Brian Elliott without a rebound.
15:21 of 3rd period - John Tavares wins face-off versus Johnny Gaudreau in Kings zone.
16:02 of 3rd period - Wrist shot by Evgeny Artyukhin.
16:02 of 3rd period - Stopped by Brian Elliott without a rebound.
16:03 of 3rd period - Evgeny Grachev wins face-off versus Anze Kopitar in Kings zone.
16:22 of 3rd period - Snap shot by Ramzi Abid.
16:22 of 3rd period - Stopped by Mike Brodeur without a rebound.
16:23 of 3rd period - Cory Emmerton wins face-off versus Tyler Johnson in Stars zone.
16:56 of 3rd period - Wrist shot by Jussi Jokinen.
16:56 of 3rd period - Shot Misses the Net.
17:12 of 3rd period - Wrist shot by Viktor Arvidsson.
17:12 of 3rd period - Stopped by Mike Brodeur with a rebound.
17:14 of 3rd period - Wrist shot by Max Pacioretty.
17:14 of 3rd period - Goal by Max Pacioretty - Kings : 7 - Stars : 4.
17:15 of 3rd period - John Tavares wins face-off versus Anze Kopitar in neutral zone.
17:49 of 3rd period - Slapshot by John Tavares.
17:49 of 3rd period - Deflect By Guillaume Latendresse.
17:49 of 3rd period - Shot Blocked by Pierre-Marc Bouchard.
17:49 of 3rd period - Puck is out of play.
17:50 of 3rd period - Anze Kopitar wins face-off versus Antoine Vermette in Kings zone.
17:50 of 3rd period - Anze Kopitar is hit by B.J. Crombeen.
18:11 of 3rd period - Minor Penalty to Anze Kopitar for Holding.
18:12 of 3rd period - John Tavares wins face-off versus Tyler Johnson in Kings zone.
Goals for this period are 4 for Kings vs 2 for Stars.
Shots for this period are 19 for Kings vs 7 for Stars.
Back to the Top